 Dungeon Crawl Stone Soup version 0.23.2-1-ga50397a (webtiles) character file.

Game seed: 11401587730007044228

95 myga the Stinger (level 4, 0/33 HPs)
             Began as a Draconian Venom Mage on May 22, 2019.
             Slain by an orc
             ... wielding a +0 trident
              (3 damage)
             ... on level 3 of the Dungeon.
             The game lasted 00:07:03 (2772 turns).

myga the Stinger (Draconian Venom Mage)             Turns: 2772, Time: 00:07:04

Health: 0/33       AC:  5    Str: 11 (12) XL:     4   Next: 40%
Magic:  0/7        EV: 12    Int: 13 (15) God:
Gold:   73         SH:  0    Dex: 10 (11) Spells: 1/7 levels left

rFire    . . .     SeeInvis .   f - +0 dagger
rCold    + . .     Gourm    .   (no shield)
rNeg     . . .     Faith    .   (armour unavailable)
rPois    .         Spirit   .   (helmet restricted)
rElec    .         Reflect  .   (no cloak)
rCorr    .         Harm     .   (no gloves)
MR       .....                  (no boots)
Stlth    +++.......             (no amulet)
HPRegen  0.11/turn              m - ring of stealth
MPRegen  0.10/turn              q - ring of protection from cold

@: very slightly contaminated
A: unfitting armour, cold-blooded, AC +5
a: no special abilities


You were on level 3 of the Dungeon.
You were hungry.

You visited 1 branch of the dungeon, and saw 3 of its levels.

You collected 73 gold pieces.

Inventory:

Hand Weapons
 f - a +0 dagger (weapon)
Missiles
 a - 160 stones (quivered)
 h - 2 throwing nets
Jewellery
 m - a ring of stealth (left hand)
 q - a ring of protection from cold (right hand)
Wands
 s - a wand of digging (6)
Scrolls
 d - 2 scrolls of teleportation
 e - a scroll of blinking {unknown}
 g - 2 scrolls of remove curse
 j - a scroll of fear {unknown}
 k - a scroll of identify {unknown}
 n - a scroll of random uselessness {unknown}
Potions
 c - a potion of curing {unknown}
 i - a potion of might {unknown}
 l - a potion of heal wounds {unknown}
 o - 2 potions of invisibility
 p - a potion of ambrosia {unknown}
Comestibles
 b - 7 rations


   Skills:
 + Level 0.2 Fighting
 + Level 0.3 Short Blades
 + Level 2.7 Dodging
 + Level 2.6 Stealth
 + Level 2.0 Spellcasting
 + Level 1.4 Conjurations
 + Level 3.9 Poison Magic


You had one spell level left.
You knew the following spells:

 Your Spells              Type           Power        Failure   Level  Hunger
a - Sting                 Conj/Pois      #...         9%          1    ##.....
b - Poisonous Vapours     Pois/Air       #.....       17%         2    ###....
c - Mephitic Cloud        Conj/Pois/Air  #.......     36%         3    ####...

Your spell library contained the following spells:

 Spells                   Type           Power        Failure   Level  Hunger
 Olgreb's Toxic Radiance  Pois           ##......     45%         4    #####..
 Venom Bolt               Conj/Pois      #.........   93%         5    ######.


Dungeon Overview and Level Annotations

Branches:
Dungeon (3/15)

Altars:
Gozag
Nemelex Xobeh


Innate Abilities, Weirdness & Mutations

Your plain brown scales are hard. (AC +5)
You cannot fit into any form of body armour.
You are cold-blooded and may be slowed by cold attacks.


Message History

Aim: an orc, wielding a +0 dagger The sting hits the orc but does no damage.
The orc is poisoned.
The orc is severely wounded.
The orc barely misses you.
You closely miss the orc.
The orc is almost dead.
You kill the orc!
You hit the jackal.
The jackal is severely wounded.
The jackal misses you.
The orc hits you from afar with a +0 trident.
* * * LOW HITPOINT WARNING * * *
The jackal bites you but does no damage.
You hit the jackal but do no damage.
The jackal is severely wounded.
The jackal bites you.
* * * LOW HITPOINT WARNING * * *
The orc hits you from afar with a +0 trident.
You die...

. .. .'##o# .#..
..> ### #.#
#...#o###
#$)...#
+...lo######
#...ohoh@..#
........o####.#
!.#....### #.# #
#....# #.#
#....# #.#
#....# #.# #....
#.# #..
#.##############
#..............#


You could see 4 orcs, 2 jackals and a frilled lizard.

Vanquished Creatures
  Terence (D:2)
  2 adders (D:2)
  2 worms (D:2)
  5 orcs (D:3)
  3 giant cockroaches
  4 goblins
  3 hobgoblins
  8 bats
  2 frilled lizards (D:1)
  A jackal skeleton (D:2)
  7 kobolds
  7 rats
45 creatures vanquished.

Notes
Turn   | Place    | Note
-------+----------+-------------------------------------------
     0 | D:1      | myga the Draconian Venom Mage began the quest for the Orb.
     0 | D:1      | Reached XP level 1. HP: 14/14 MP: 3/3
   736 | D:1      | Reached XP level 2. HP: 20/20 MP: 3/5
   955 | D:2      | Learned a level 2 spell: Poisonous Vapours
  1349 | D:2      | Noticed Terence
  1379 | D:2      | Killed Terence
  1379 | D:2      | Reached XP level 3. HP: 13/26 MP: 1/6
  2212 | D:2      | Found an opulent altar of Gozag.
  2213 | D:2      | Found a sparkling altar of Nemelex Xobeh.
  2226 | D:2      | Reached XP level 4. HP: 30/33 MP: 5/7
  2273 | D:2      | Learned a level 3 spell: Mephitic Cloud
  2772 | D:3      | Slain by an orc

Skill      XL: |  1  2 |
---------------+-------+-----
Stealth        | 2 |  2.6
Dodging        | 2 |  2.7
Fighting       | |  0.2
Short Blades   | |  0.3
Spellcasting   | |  2.0
Conjurations   | |  1.4
Poison Magic   | |  3.9

Action                   |  1- 3 |  4- 6 || total
-------------------------+-------+-------++-------
Melee: Dagger            |    95 |    46 ||   141
       Tailslap          |    12 |     3 ||    15
       Unarmed           |     4 |       ||     4
Throw: Stone             |     4 |       ||     4
 Cast: Sting             |    31 |    20 ||    51
  Use: Scroll            |     2 |       ||     2
       Potion            |       |     2 ||     2
 Stab: Sleeping          |     7 |       ||     7
  Eat: Chunk             |     2 |     1 ||     3
       Ration            |     1 |       ||     1
Armor: Skin              |    27 |    15 ||    42
Dodge: Dodged            |    77 |    31 ||   108
